 Dungeon Crawl Stone Soup version 0.31-a0-609-g7bf6ffcfed (webtiles) character file.

Game seed: 8472599267347735098

94 Dittersdorf the Covered (level 4, 0/29 HPs)
             Began as a Gargoyle Fighter on Aug 21, 2023.
             Slain by an orc wizard
             ... wielding a +0 dagger
              (2 damage)
             ... on level 3 of the Dungeon.
             The game lasted 00:01:30 (1466 turns).

Dittersdorf the Covered (Gargoyle Fighter)          Turns: 1466, Time: 00:01:31

Health: 0/29       AC: 10    Str: 22    XL:     4   Next: 63%
Magic:  4/4        EV:  9    Int:  8    God:
Gold:   81         SH:  4    Dex:  9    Spells: 3/3 levels left

rFire   . . .        a - +0 flail
rCold   . . .        c - +0 buckler
rNeg    + . .        b - +0 scale mail
rPois   ∞            (no helmet)
rElec   +            (no cloak)
rCorr   .            (no gloves)
SInv    .            (no boots)
Will    .....        (no amulet) Stlth
                     (no ring)
HPRegen 0.24/turn    (no ring)
MPRegen 0.09/turn

%: no passive effects
@: no status effects
A: sickness immunity, AC +3, negative energy resistance 1, electricity
resistance, torment resistance 1, petrification resistance
a: no special abilities


You were on level 3 of the Dungeon.
You visited 1 branch of the dungeon, and saw 3 of its levels.

You collected 81 gold pieces.

Inventory:

Hand Weapons
 a - a +0 flail (weapon)
Armour
 b - a +0 scale mail (worn)
 c - a +0 buckler (worn)
Scrolls
 e - a scroll of revelation {unknown}
 g - 3 scrolls of identify {unknown}
 j - a scroll of poison {unknown}
Potions
 d - a potion of might
 f - 3 potions of heal wounds {unknown}
 h - a potion of enlightenment {unknown}
 i - a potion of ambrosia {unknown}


   Skills:
 + Level 4.0 Fighting
 + Level 2.8 Maces & Flails
 + Level 4.1 Armour
 + Level 4.0 Shields


You had 3 spell levels left.
You didn't know any spells.
Your spell library was empty.

Dungeon Overview and Level Annotations

Branches:
Dungeon (3/15)

Altars:
Trog

Shops:
D:1 [


Innate Abilities, Weirdness & Mutations

You are immune to sickness and miasma.
Your stone body is resilient. (AC +3)
You are immune to poison.
You resist negative energy. (rN+)
You are resistant to electric shocks. (rElec)
You are resistant to unholy torment.
You are immune to petrification.


Message History

You are too injured to fight recklessly!
You are too injured to fight recklessly!
You are too injured to fight recklessly!
You are too injured to fight recklessly!
You are too injured to fight recklessly!
You are too injured to fight recklessly!
You are too injured to fight recklessly!
You are too injured to fight recklessly!
You are too injured to fight recklessly!
You are too injured to fight recklessly!
You are too injured to fight recklessly!
You are too injured to fight recklessly!
You closely miss something. You block something's attack.
You thump something!
Something hits you but does no damage. x2
You closely miss something. You block something's attack.
You barely miss something. You block something's attack.
You closely miss something.
You hear some strange, mumbled words.
A puff of flame appears from out of thin air!
The puff of flame hits you.
* * * LOW HITPOINT WARNING * * *
You block something's attack.
You miss something. Something hits you.
* * * LOW HITPOINT WARNING * * *
You barely miss something. Something hits you but does no damage.
You sock something!
You hear some strange, mumbled words.
Something tries to affect you, but you resist.
You miss something.
Something hits you but does no damage. x2
You barely miss something. Something hits you but does no damage.
You hit something but do no damage. Something hits you but does no damage.
You barely miss something. Something hits you.
* * * LOW HITPOINT WARNING * * *
You closely miss something.
You hear some strange, mumbled words.
A puff of flame appears from out of thin air!
The puff of flame misses you. Something hits you.
* * * LOW HITPOINT WARNING * * *
You hit something but do no damage. Something hits you.
You die...

.. #. #. #.
#####. .....
#####..######
........o{@.#
#####..####.#
#.. #.# #..
#.# #.. #.#
## #..
#.##### ...
#.. #.....#
..#. #.#
#.#...#.....
#
######.....#


You could see an orc.

Vanquished Creatures
  3 adders
  A worm (D:2)
  3 dart slugs
  An orc (D:3)
  A bat zombie (D:3)
  6 endoplasms
  2 giant cockroaches
  6 goblins
  6 hobgoblins
  3 jackals (D:2)
  3 kobolds
  A quokka (D:2)
  7 ball pythons
  5 bats
  5 frilled lizards
  2 rats
55 creatures vanquished.

Notes
Turn   | Place    | Note
-------+----------+-------------------------------------------
     0 | D:1      | Dittersdorf the Gargoyle Fighter began the quest for the
                  | Orb.
     0 | D:1      | Reached XP level 1. HP: 14/14 MP: 1/1
    58 | D:1      | Reached XP level 2. HP: 9/19 MP: 2/2
   340 | D:1      | Found a faded altar of an unknown god.
   389 | D:1      | Reached XP level 3. HP: 22/23 MP: 3/3
   516 | D:1      | Found Plog's Armour Boutique.
   994 | D:2      | Reached XP level 4. HP: 28/29 MP: 4/4
  1225 | D:2      | Found a bloodstained altar of Trog.
  1466 | D:3      | Slain by an orc wizard

Illustrated notes

Levels and vault maps discovered:
D:1:      nagdon_arrival_zigzag_paths, layout_rooms,
          dreamdust_ecumenical_altar_angels_and_demons, serial_shops, shop
D:2:      layout_rooms, basic_altar
D:3:      layout_loops_ring, nicolae_dithmenos_the_darkroom,
          lemuel_zombie_altar_kikubaaqudgha, gammafunk_ghost_split,
          hangedman_decor_push, chequers_serial_rivers_large_a,
          corexii_leaking_fountain

Skill      XL: |  1  2  3  4 |
---------------+-------------+-----
Fighting       | 4 |  4.0
Armour         | 4 |  4.1
Shields        | 4 |  4.0
Maces & Flails | |  2.8

Action                     |  1- 3 |  4- 6 || total
---------------------------+-------+-------++-------
  Melee: Flail             |   119 |    64 ||   183
 Armour: Scale mail        |    85 |    30 ||   115
  Dodge: Dodged            |    51 |    21 ||    72
  Block: Buckler           |    29 |    13 ||    42

Table legend: (Time is in decaauts)
 A = Elapsed time spent in this place.
 B = Non-inter-level travel time spent in this place.
 C = Inter-level travel time spent in this place.
 D = Time resting spent in this place.
 E = Time spent auto-exploring this place.
 F = Levels seen in this place.
 G = Mean time per level.
                   A        B        C        D        E       F      G
               +--------+--------+--------+--------+--------+-----+--------+
         Total |   1520 |   1446 |     74 |      0 |   1077 |   3 |  506.7 |
       Dungeon |   1520 |   1446 |     74 |      0 |   1077 |   3 |  506.7 |
               +--------+--------+--------+--------+--------+-----+--------+

Top non-repeatable levels by time:
     D:1: 854 daAuts
     D:2: 531 daAuts
     D:3: 134 daAuts
